 Dungeon Crawl Stone Soup version 0.21.1-1-g345015f (webtiles) character file.

11 tidbits the Charmwright (level 2, 0/26 HPs)
             Began as a Gnoll Skald on June 22, 2018.
             Slain by a gnoll
             ... wielding a cursed +0 whip
              (9 damage)
             ... on level 2 of the Dungeon.
             The game lasted 00:00:57 (104 turns).

tidbits the Charmwright (Gnoll Skald)                Turns: 104, Time: 00:00:58

Health: 0/26       AC:  3    Str: 13    XL:     2   Next: 25%
Magic:  0/7        EV: 14    Int: 15    God:
Gold:   25         SH:  0    Dex: 14    Spells: 5/10 levels left

rFire    . . .     SeeInvis .   a - +0 hand axe
rCold    . . .     Gourm    .   (no shield)
rNeg     . . .     Faith    .   b - +0 leather armour
rPois    .         Spirit   .   (no helmet)
rElec    .         Reflect  .   (no cloak)
rCorr    .         Harm     .   (no gloves)
MR       .....                  (no boots)
Stlth    +.........             (no amulet)
HPRegen  0.08/turn              (no ring)
MPRegen  0.10/turn              (no ring)

@: infused (expiring), singing
A: distributed training, fangs 1, strong nose
a: no special abilities


You were on level 2 of the Dungeon.
You were not hungry.

You visited 1 branch of the dungeon, and saw 3 of its levels.

You collected 25 gold pieces.

Inventory:

Hand Weapons
 a - a +0 hand axe (weapon)
Armour
 b - a +0 leather armour (worn)
Scrolls
 e - a scroll of fog {unknown}
Books
 c - a book of Battle

   Spells                             Type                      Level
   a - Infusion                       Charms                       1
   b - Shroud of Golubria             Charms/Translocation         2
   c - Song of Slaying                Charms                       2
   d - Spectral Weapon                Hexes/Charms                 3
   e - Regeneration                   Charms/Necromancy            3
Comestibles
 d - a ration


   Skills:
 + Level 4.4 Fighting
 + Level 0.3 Short Blades
 + Level 0.3 Long Blades
 + Level 4.4 Axes
 + Level 0.3 Maces & Flails
 + Level 0.3 Polearms
 + Level 0.3 Staves
 + Level 0.3 Slings
 + Level 0.3 Bows
 + Level 0.3 Crossbows
 + Level 0.3 Throwing
 + Level 2.4 Armour
 + Level 4.4 Dodging
 + Level 0.3 Stealth
 + Level 0.3 Shields
 + Level 0.3 Unarmed Combat
 + Level 4.9 Spellcasting
 + Level 0.2 Conjurations
 + Level 0.2 Hexes
 + Level 5.3 Charms
 + Level 0.2 Summonings
 + Level 0.2 Necromancy
 + Level 0.2 Translocations
 + Level 0.2 Transmutations
 + Level 0.2 Fire Magic
 + Level 0.2 Ice Magic
 + Level 0.2 Air Magic
 + Level 0.2 Earth Magic
 + Level 0.2 Poison Magic
 + Level 0.4 Invocations
 + Level 0.3 Evocations


You had 5 spell levels left.
You knew the following spells:

 Your Spells              Type           Power        Failure   Level  Hunger
g - Shroud of Golubria    Chrm/Tloc      ##........   10%         2    ##.....
i - Infusion              Chrm           ###.         2%          1    None
y - Song of Slaying       Chrm           ###.....     3%          2    ##.....


Dungeon Overview and Level Annotations

Branches:
Dungeon (3/15)

Altars:


Innate Abilities, Weirdness & Mutations

Your experience applies equally to all skills.
You have very sharp teeth.
Your uncanny sense of smell can sniff out nearby items.


Message History

You see here 13 gold pieces.
You now have 13 gold pieces.
Found 21 stones.
Found a stone staircase leading down.
Found an escape hatch in the ceiling.
Found a scroll labeled OCILENANER.
There is a stone staircase leading down here.
You see here a scroll labeled OCILENANER.
e - a scroll labeled OCILENANER A frilled lizard comes into view.
Casting: Infusion
Confirm with . or Enter, or press ? or * to list all spells.
You begin infusing your attacks with magical energy.
The frilled lizard hisses angrily.
You hit the frilled lizard.
You kill the frilled lizard!
There is a stone staircase leading down here.
You see here a frilled lizard corpse.
You climb downwards.
A giant cockroach comes into view.
Found 12 gold pieces and a robe.
Found a stone staircase leading up and a stone staircase leading down.
There is a stone staircase leading up here.
You see here 12 gold pieces.
You now have 25 gold pieces (gained 12).
A rat comes into view.
There is a stone staircase leading up here.
The helpless rat fails to defend itself.
You slash the rat!
You kill the rat!
You climb upwards.
There is a stone staircase leading down here.
Unknown command.
Your magical infusion is running out.
Found a short sword.
You are no longer magically infusing your attacks.
You open the door.
A worm and 3 gnolls come into view.
The gnoll shouts! x2
Found a stone staircase leading up.
Casting: Infusion
Confirm with . or Enter, or press ? or * to list all spells.
You begin infusing your attacks with magical energy.
You aren't carrying any items that you can evoke.
Unknown command.
You aren't carrying any potions.
Unknown command.
You barely miss the gnoll. You hit the gnoll.
The gnoll is lightly wounded.
You hit the gnoll. You bite the gnoll, but do no damage.
The gnoll is heavily wounded.
The gnoll misses you.
You closely miss the gnoll.
The gnoll is heavily wounded.
The gnoll hits you with a flail.
You hit the gnoll.
The gnoll is severely wounded.
The gnoll hits you but does no damage.
You hit the gnoll. You bite the gnoll, but do no damage.
The gnoll is almost dead.
The gnoll barely misses you.
You barely miss the gnoll. You bite the gnoll, but do no damage.
The gnoll is almost dead.
The gnoll closely misses you.
You hit the gnoll.
You kill the gnoll!
You have reached level 2!
The gnoll hits you with a whip.
There is a stone staircase leading down here.
You climb downwards.
There is a stone staircase leading up here.
Unknown command.
Memorise Song of Slaying, consuming 2 spell levels and leaving 7?
You start memorising the spell.
You continue memorising. x2
You finish memorising.
Spell assigned to 'y'.
Memorise Shroud of Golubria, consuming 2 spell levels and leaving 5?
You start memorising the spell.
You continue memorising. x2
You finish memorising.
Spell assigned to 'g'.
Casting: Infusion
Confirm with . or Enter, or press ? or * to list all spells.
You start singing a song of slaying.
You climb upwards.
Your magical infusion is running out.
The gnoll closely misses you. The worm misses you.
The gnoll hits you with a whip.
There is a stone staircase leading down, spattered with blood here.
Unknown command.
Unknown command.
You barely miss the worm. Your bite misses the worm. You hit the gnoll.
The gnoll closely misses you.
You hit the worm.
The worm is lightly wounded.
You barely miss the gnoll. The worm bites you.
* * * LOW HITPOINT WARNING * * *
The gnoll closely misses you.
You barely miss the gnoll.
The gnoll is moderately wounded.
You hit the worm. The gnoll hits you with a whip!
You die...

### # #.########.#
#######.....w.g..#
...........g.@####
######.#.#####
#.#........
#.#..#####. #w#...
#g##.## #)# ). ...
## ....#


You could see a worm and 2 gnolls.

Vanquished Creatures
  A gnoll (D:2)
  A frilled lizard (D:2)
  A rat (D:3)
3 creatures vanquished.

Notes
Turn   | Place    | Note
-------+----------+-------------------------------------------
     0 | D:1      | tidbits the Gnoll Skald began the quest for the Orb.
     0 | D:1      | Reached XP level 1. HP: 20/20 MP: 6/6
    80 | D:2      | Reached XP level 2. HP: 19/26 MP: 0/7
    96 | D:3      | Learned a level 2 spell: Song of Slaying
    99 | D:3      | Learned a level 2 spell: Shroud of Golubria
   104 | D:2      | Slain by a gnoll

Action                   || total
-------------------------++-------
Melee: Hand axe          ||    13
       Bite              ||     3
 Cast: Infusion          ||     2
       Song of Slaying   ||     1
 Stab: Sleeping          ||     1
Dodge: Dodged            ||     7

Table legend:
 A = Turns spent in this place as a percentage of turns spent in the entire game.
 B = Non-inter-level travel turns spent in this place as a percentage of non-inter-level travel turns spent in the entire game.
 C = Inter-level travel turns spent in this place as a percentage of turns spent in this place.
 D = Turns resting spent in this place as a percentage of non-inter-level travel turns spent in this place.
 E = Turns spent auto-exploring this place as a percentage of non-inter-level travel turns spent in this place.
 F = Non-inter-level travel turns spent in this place divided by the number of levels of this place that you've seen.
                   A       B       C       D       E      F
               +-------+-------+-------+-------+-------+----------------------
         Total | 100.0 | 100.0 |   0.0 |   0.0 |   0.0 |  34.7
       Dungeon | 100.0 | 100.0 |   0.0 |   0.0 |   0.0 |  34.7
               +-------+-------+-------+-------+-------+----------------------

Table legend:
 A = Kills in this place as a percentage of kills in entire the game.
 B = Kills by you in this place as a percentage of kills by you in the entire game.
 C = Kills by friends in this place as a percentage of kills by friends in the entire game.
 D = Other kills in this place as a percentage of other kills in the entire game.
 E = Experience gained in this place as a percentage of experience gained in the entire game.
 F = Experience gained in this place divided by the number of levels of this place that you have seen.
                   A       B       C       D       E      F
               +-------+-------+-------+-------+-------+----------------------
         Total | 100.0 | 100.0 |   N/A |   N/A | 100.0 |   5.3
       Dungeon | 100.0 | 100.0 |   N/A |   N/A | 100.0 |   5.3
               +-------+-------+-------+-------+-------+----------------------

Vault maps used:
D:1:      lightli_molten_gateway
D:2:      grunt_temple_overflow_open, first_ration
D:3:      gammafunk_temple_overflow_wave, trog_book
